 Dungeon Crawl Stone Soup version 0.28-a0-726-g4a9143789a (webtiles) character file.

Game seed: 7470725499416915924

103 kae the Sneak (level 4, -7/21 HPs)
             Began as a Spriggan Enchanter on Oct 27, 2021.
             Mangled by Grinder (9 damage)
             ... while paralysed by Grinder
             ... on level 3 of the Dungeon.
             The game lasted 00:03:40 (4010 turns).

kae the Sneak (Spriggan Enchanter)                  Turns: 4010, Time: 00:03:41

Health: -7/21      AC:  2    Str:  4 (5)  XL:     4   Next: 51%
Magic:  10/10      EV:  4    Int: 14 (16) God:
Gold:   84         SH:  0    Dex: 14 (15) Spells: 7/9 levels left

rFire   + . .      SeeInvis +   a - +1 dagger (venom)
rCold   + . .      Faith    .   (shield restricted)
rNeg    . . .      Spirit   .   b - +0 robe
rPois   +          Reflect  .   (helmet restricted)
rElec   +          Harm     .   (no cloak)
rCorr   +          Rampage  .   (gloves unavailable)
Will    .....                   (boots unavailable)
Stlth   +++.......              (no amulet)
HPRegen 0.07/turn               (no ring)
MPRegen 0.12/turn               (no ring)

@: paralysed, brilliant, resistant, attractive, hasted, very quick
A: very small, no large weapons, unfitting armour, see invisible, speed 3
a: no special abilities


You were on level 3 of the Dungeon.
You visited 1 branch of the dungeon, and saw 3 of its levels.

You collected 118 gold pieces.
You spent 34 gold pieces at shops.

Inventory:

Hand Weapons
 a - a +1 dagger of venom (weapon)
Armour
 b - a +0 robe (worn)
Scrolls
 d - 2 scrolls of vulnerability
 f - a scroll of identify
Potions
 c - a potion of invisibility
 e - a potion of resistance
 g - a potion of curing


   Skills:
 + Level 0.9 Fighting
 * Level 2.9 Short Blades
 + Level 3.3 Dodging
 + Level 4.9 Stealth
 + Level 3.4 Spellcasting
 + Level 4.1 Hexes


You had 7 spell levels left.
You knew the following spells:

 Your Spells              Type           Power      Damage    Failure   Level
a - Ensorcelled Hibernat  Hex/Ice        24%        N/A       13%         2

Your spell library contained the following spells:

 Spells                   Type           Power      Damage    Failure   Level
 Confusing Touch          Hex            21%        N/A       11%         3
 Tukima's Dance           Hex            21%        N/A       11%         3
 Dazzling Flash           Conj/Hex       24%        N/A       26%         3


Dungeon Overview and Level Annotations

Branches:
Dungeon (3/15)

Altars:
The Shining One

Shops:
D:1 *((=!

Annotations:
D:3 Grinder


Innate Abilities, Weirdness & Mutations

You are very small and have problems with some larger weapons.
You are too small for most types of armour.
You have supernaturally acute eyesight. (SInv)
You cover ground extremely quickly. (Speed+++)


Message History

There is an escape hatch in the floor here.
Found a stone staircase leading down.
There is a stone staircase leading down here.
Grinder blinks!
Grinder blinks!
Okay, then.
It was a potion of resistance.
You feel protected.
It was a potion of attraction.
You feel attractive to monsters. Grinder gestures at you.
You suddenly lose the ability to move!
Grinder gestures at you. Pain shoots through your body!
Grinder hits you but does no damage.
You can move again.
Unknown command.
It was a potion of haste.
You feel yourself speed up. Grinder misses you.
It was a potion of degeneration.
There was something very wrong with that liquid.
You feel weakened.
You feel dopey.
You feel clumsy.
It was a potion of brilliance.
You feel clever all of a sudden. Grinder closely misses you.
Grinder is attracted toward you. Grinder hits you.
* * * LOW HITPOINT WARNING * * *
You writhe in agony.
* * * LOW HITPOINT WARNING * * *
Grinder says, "Don't move a muscle."
Grinder blinks!
Grinder is attracted toward you. Grinder is attracted toward you.
There is a stone staircase leading down here.
Grinder is attracted toward you. Grinder gestures at you.
You suddenly lose the ability to move!
Grinder is attracted toward you. Grinder gestures at you.
You shrug off the repeated paralysis!
Grinder hits you!
You die...

###.# ##.#..........# #8.# #.#
#......######## #..#
###.####..#.### #..#
.)........#.# #..#
###.#.##.##.# #..# #.#.##.##.#
#.8###### #.#.##.##<#
#####.⌠8....#
#.#.##.##.#########..§#....8..#
#......##.#...@5>§§§..#######.#
##...(....#.#######...# #..#
##.#######.# ##### #.## ###
#.## #.# #.#5## #.# #.###.##
#.# #.# ##.###### # ##.## ##
##..>....# #.##...#
#..#####.####.#.....


You could see Grinder.

Vanquished Creatures
  Jessica (D:3)
  A worm (D:2)
  2 dart slugs (D:3)
  An orc (D:3)
  8 endoplasms
  3 giant cockroaches
  5 goblins
  5 hobgoblins (D:1)
  6 jackals (D:2)
  13 kobolds
  3 quokkas
  2 ball pythons (D:3)
  7 bats
  4 frilled lizards
  4 rats
65 creatures vanquished.

Notes
Turn   | Place    | Note
-------+----------+-------------------------------------------
     0 | D:1      | kae the Spriggan Enchanter began the quest for the Orb.
     0 | D:1      | Reached XP level 1. HP: 9/9 MP: 5/5
   290 | D:1      | Reached XP level 2. HP: 13/13 MP: 6/6
   656 | D:1      | Found Acupsecs's Distillery.
   716 | D:1      | Found Susomut's Weapon Emporium.
  1050 | D:1      | Found Mes Tant's Jewellery Boutique.
  1063 | D:1      | Learned a level 2 spell: Ensorcelled Hibernation
  1283 | D:1      | Found Jezuhool's Assorted Antiques.
  1293 | D:1      | Bought an amethyst potion for 17 gold pieces
  1344 | D:1      | Found Xemossio's Weapon Boutique.
  1640 | D:1      | Reached XP level 3. HP: 13/16 MP: 5/8
  1892 | D:1      | Bought a dark potion for 17 gold pieces
  3031 | D:2      | Found a faded altar of an unknown god.
  3629 | D:3      | Reached XP level 4. HP: 21/21 MP: 9/9
  3643 | D:3      | Noticed Jessica
  3657 | D:3      | Killed Jessica
  3854 | D:3      | Found a glowing golden altar of the Shining One.
  3968 | D:3      | Noticed Grinder
  3996 | D:3      | Paralysed by Grinder for 3 turns
  4003 | D:3      | HP: 1/21 [Grinder (2)]
  4008 | D:3      | Paralysed by Grinder for 4 turns
  4010 | D:3      | Mangled by Grinder

Illustrated notes

Levels and vault maps discovered:
D:1:      dpeg_chamrin_arrival_tetris, layout_loops_ring, serial_shops,
          nicolae_shop_temple_entry_statues_fountains, shop, nicolae_shop_stone,
          shop_statue, nicolae_shop_stone, minmay_misc_feat_pillars
D:2:      layout_loops_ring, shapermc_ecumenical_altar_petra,
          nicolae_underground_beach
D:3:      layout_loops_ring, general_overflow_altar, chequers_decorated_corner,
          uniq_jessica, uniq_grinder

Skill      XL: |  1  2  3 |
---------------+----------+-----
Short Blades   | 2 |  2.9
Dodging        | 3 |  3.3
Spellcasting   | 3 |  3.4
Hexes          | 4 |  4.1
Fighting       | |  0.9
Stealth        | |  4.9

Action                   |  1- 3 |  4- 6 || total
-------------------------+-------+-------++-------
Melee: Dagger            |   139 |    16 ||   155
 Cast: Ensorcelled Hiber |    18 |     3 ||    21
  Use: Scroll            |     5 |       ||     5
       Potion            |       |     5 ||     5
 Stab: Sleeping          |    38 |     3 ||    41
Armor: Robe              |    15 |     1 ||    16
Dodge: Dodged            |    77 |    12 ||    89

Table legend: (Time is in decaauts)
 A = Elapsed time spent in this place.
 B = Non-inter-level travel time spent in this place.
 C = Inter-level travel time spent in this place.
 D = Time resting spent in this place.
 E = Time spent auto-exploring this place.
 F = Levels seen in this place.
 G = Mean time per level.
                   A        B        C        D        E       F      G
               +--------+--------+--------+--------+--------+-----+--------+
         Total |   3097 |   2863 |    234 |    632 |   1824 |   3 | 1032.3 |
       Dungeon |   3097 |   2863 |    234 |    632 |   1824 |   3 | 1032.3 |
               +--------+--------+--------+--------+--------+-----+--------+

Top non-repeatable levels by time:
     D:1: 1463 daAuts
     D:2: 992 daAuts
     D:3: 641 daAuts
